Match 47023412
Unlisted

Match 47023412
End
Pioneer Squad
Construct Infanterie Kompanie
Selects Mechanized Battlegroup
Grenadier Squad
Grenadier Squad
Grenadier Squad
Infanterie Officer Quarters
MG 42 Machine Gun Team
Construct Panzergrenadier Kompanie
Pak 40 Anti-tank Gun Team
Selects Raid Package
Panzergrenadier Squad
Selects StuG Assault Group
StuG Assault Group
Pioneer Squad
Pak 40 Anti-tank Gun Team
Selects UNKNOWN (2160084)
Construct Panzer Kompanie
Selects Spotting Scopes
Selects Stoßtruppen Assault Package
Panther Heavy Tank
Angrybirds
Xufe
crywo1f
[Legio I Germanica] -=]bUc$[=-
0
0

Comments sign in to comment!

No comments posted yet!